 Dungeon Crawl Stone Soup version 0.26.0-10-g1f06aea511 (webtiles) character file.

Game seed: 15144542706399848706

231 shitwizard the Chopper (level 5, 0/41 HPs)
             Began as a Demonspawn Chaos Knight on Jan 24, 2021.
             Was a Plaything of Xom.
             Shot with an arrow by a centaur (9 damage)
             ... on level 2 of the Dungeon.
             The game lasted 00:03:17 (1724 turns).

shitwizard the Chopper (Demonspawn Chaos Knight)    Turns: 1724, Time: 00:03:17

Health: 0/41       AC:  7    Str: 12    XL:     5   Next: 72%
Magic:  5/5        EV: 11    Int: 15    God:    Xom [.*....]
Gold:   119        SH:  0    Dex: 10    Spells: 4/4 levels left

rFire    . . .     SeeInvis .   a - +0 hand axe (chaos)
rCold    . . .     Faith    .   (no shield)
rNeg     . . .     Spirit   .   b - +2 leather armour
rPois    .         Reflect  .   (no helmet)
rElec    .         Harm     .   (no cloak)
rCorr    .         Rampage  .   (no gloves)
Will     .....                  (no boots)
Stlth    +.........             (no amulet)
HPRegen  0.13/turn              (no ring)
MPRegen  0.09/turn              (no ring)

@: no status effects
A: slimy green scales 1, blurry vision 1, clumsy 1, demonic guardian 1, powered
by death 1
a: Renounce Religion


You were on level 2 of the Dungeon.
You worshipped Xom.
You were a plaything of Xom.
You visited 1 branch of the dungeon, and saw 2 of its levels.

You collected 119 gold pieces.

Inventory:

Hand Weapons
 a - a +0 hand axe of chaos (weapon)
Missiles
 c - 81 stones (quivered)
 i - 3 silver javelins
Armour
 b - a +2 leather armour (worn)
Jewellery
 e - an uncursed ring of protection from fire {unknown}
 f - a cursed amulet of faith {unknown}
 j - an uncursed ring of wizardry
Scrolls
 d - 2 scrolls of identify {unknown}
 h - a scroll of fear {unknown}
 k - a scroll of amnesia {unknown}
 l - 2 scrolls of remove curse {unknown}
 m - a scroll of enchant weapon {unknown}
Potions
 g - a potion of curing


   Skills:
 - Level 3.0 Fighting
 + Level 5.9 Axes
 + Level 0.2 Throwing
 - Level 1.7 Armour
 - Level 0.8 Dodging


You had 4 spell levels left.
You didn't know any spells.
Your spell library was empty.

Dungeon Overview and Level Annotations

Branches:
Dungeon (2/15)

Altars:
Ru
Wu Jian
Yredelemnul

Annotations:
D:2 1 runed translucent door, Crazy Yiuf


Innate Abilities, Weirdness & Mutations

You are partially covered in slimy green scales. (AC +2)
A weak demonic guardian rushes to your aid.
You regenerate a little health from kills.
Scrolls take you a little longer to read.
You are clumsy. (Dex -2)


Message History

The arrow barely misses your shadow imp.
The arrow hits you! The hobgoblin barely misses you.
The centaur shoots an arrow.
The arrow barely misses your shadow imp.
The arrow barely misses you.
You barely miss the hobgoblin. The hobgoblin barely misses you.
The centaur shoots an arrow.
The arrow hits your shadow imp!
Your shadow imp dies!
You hit the hobgoblin but do no damage.
The centaur shoots an arrow.
The arrow hits you! The hobgoblin barely misses you.
You closely miss the hobgoblin.
The centaur shoots an arrow.
The arrow misses you.
The hobgoblin hits you but does no damage.
The centaur shoots an arrow.
The arrow barely misses you.
The centaur shoots an arrow.
The arrow hits you!
* * * LOW HITPOINT WARNING * * *
You see here 2 arrows.
The centaur shoots an arrow.
The arrow hits you!
You die...
Xom giggles madly!

######## #......#
#########.####.# ###
#(g(@.c.#.####.## #..
#.#####(#.......# #.#
#.#........###..###.#
#.#....(...# #.......
#.#..##>#..###.####.#
#.#.....#.....># #..
#.......#.###### ###
###.##.##.######### #
.. ..#.......#


You could see a centaur and a hobgoblin.

Vanquished Creatures
  Sigmund (D:2)
  3 adders (D:2)
  A dart slug (D:1)
  A worm (D:2)
  4 leopard geckos
  A giant cockroach (D:1)
  3 goblins (D:1)
  4 hobgoblins
  5 kobolds
  8 bats
  3 frilled lizards (D:2)
  4 rats
38 creatures vanquished.

Vanquished Creatures (others)
  A fungus (D:1)
  2 plants (D:1)
3 creatures vanquished.

Grand Total: 41 creatures vanquished

Notes
Turn   | Place    | Note
-------+----------+-------------------------------------------
     0 | D:1      | shitwizard the Demonspawn Chaos Knight began the quest for
                  | the Orb.
     0 | D:1      | Reached XP level 1. HP: 18/18 MP: 1/1
    80 | D:1      | Reached skill level 3 in Axes
   246 | D:1      | Gained mutation: A weak demonic guardian rushes to your
                  | aid. [demonic ancestry]
   246 | D:1      | Reached XP level 2. HP: 24/24 MP: 2/2
   682 | D:1      | You fall into a shaft and drop 1 floor!
   682 | D:2      | Noticed Sigmund
   726 | D:1      | XOM: noise
   856 | D:1      | XOM: noise
   890 | D:2      | XOM: destruction
   910 | D:2      | XOM: smoke on damage
   914 | D:2      | XOM: give mutations
   914 | D:2      | Gained mutation: Scrolls take you a little longer to read.
                  | [Xom's mischief]
   914 | D:2      | Gained mutation: Your body sometimes deteriorates upon
                  | taking damage. [Xom's mischief]
   914 | D:2      | Gained mutation: You are clumsy. (Dex -2) [Xom's mischief]
   914 | D:2      | Lost mutation: Your body sometimes deteriorates upon taking
                  | damage. [Xom's mischief]
   996 | D:2      | Reached skill level 4 in Axes
   996 | D:2      | Gained mutation: You regenerate a little health from kills.
                  | [demonic ancestry]
   996 | D:2      | Reached XP level 3. HP: 26/29 MP: 3/3
  1015 | D:2      | XOM: 5-stop teleportation journey
  1322 | D:2      | Reached XP level 4. HP: 29/35 MP: 4/4
  1396 | D:2      | Found a runed translucent door.
  1397 | D:2      | Noticed Crazy Yiuf
  1434 | D:2      | Found a sacrificial altar of Ru.
  1437 | D:2      | Found an ornate altar of the Wu Jian Council.
  1440 | D:2      | Found a basalt altar of Yredelemnul.
  1525 | D:2      | XOM: divination: detect creatures
  1529 | D:2      | XOM: butterfly on damage
  1530 | D:2      | Killed Sigmund
  1531 | D:2      | Reached skill level 5 in Axes
  1531 | D:2      | Gained mutation: You are partially covered in slimy green
                  | scales. (AC +2) [demonic ancestry]
  1531 | D:2      | Reached XP level 5. HP: 25/41 MP: 5/5
  1711 | D:2      | Noticed a centaur
  1724 | D:2      | Shot with an arrow by a centaur

Illustrated notes

Levels and vault maps discovered:
D:1:      wander_arrival_fairy_ring, layout_loops_ring
D:2:      layout_loops_cross, grunt_temple_overflow_diamond,
          minmay_pentomino_o2, uniq_crazy_yiuf_cottage, uniq_sigmund

Skill      XL: |  1  2  3  4 |
---------------+-------------+-----
Axes           | 3 4 5 |  5.9
Fighting       | |  3.0
Throwing       | |  0.2
Armour         | |  1.7
Dodging        | |  0.8

Action                   |  1- 3 |  4- 6 || total
-------------------------+-------+-------++-------
Melee: Hand axe          |   121 |    17 ||   138
Throw: Stone             |     2 |       ||     2
  Use: Potion            |       |     2 ||     2
Armor: Leather armour    |    42 |     3 ||    45
Dodge: Dodged            |    85 |    11 ||    96
